 Dungeon Crawl Stone Soup version 0.18-a0-1774-gce1f7b6 (webtiles) character file.

1248 M4edhros the Martial Artist (level 8, -9/46 HPs)
             Began as an Octopode Necromancer on Apr 15, 2016.
             Was a Follower of Cheibriados.
             Splashed by an oklob plant's acid (14 damage)
             ... on level 6 of the Dungeon.
             The game lasted 00:24:49 (3003 turns).

M4edhros the Martial Artist (Octopode Necromancer)  Turns: 3003, Time: 00:24:54

Health: -9/46      AC: -7    Str: 10    XL:     8   Next: 50%
Magic:  6/11       EV: 13    Int: 21    God:    Cheibriados [*.....]
Gold:   234        SH:  0    Dex: 17    Spells: 4 memorised, 2 levels left

rFire  . . .     SeeInvis .     x - +3 hunting sling
rCold  . . .     Gourm    .     (no shield)
rNeg   . . .     Faith    .     (helmet restricted)
rPois  .         Spirit   .     (no amulet)
rElec  .         Dismiss  .     u - ring of flight
rCorr  .         Reflect  .     (no ring)
SustAt .         Harm     .     (no ring)
MR     .....                    (no ring)
Stlth  +++.......               (no ring)
                                (no ring)
                                (no ring)
                                (no ring)

@: corroded, very slow, not resistant to hostile enchantments, fairly stealthy
A: almost no armour, amphibious, 8 rings, constrict 8, camouflage 1, gelatinous
body 1
a: Bend Time, Renounce Religion, Evoke Flight


You were on level 6 of the Dungeon.
You worshipped Cheibriados.
Cheibriados was aware of your devotion.
You were hungry.

You visited 1 branch of the dungeon, and saw 6 of its levels.

You collected 234 gold pieces.

Inventory:

Hand Weapons
 x - a +3 hunting sling (weapon)
Missiles
 e - 14 sling bullets
 i - 174 stones (quivered)
 k - 10 poisoned needles
 y - 7 javelins
Jewellery
 u - a ring of flight (left tentacle)
Wands
 B - a wand of lightning (0/15)
Scrolls
 c - 3 scrolls of remove curse {unknown}
 d - 3 scrolls of teleportation
 g - a scroll of blinking {unknown}
 j - 3 scrolls of magic mapping {unknown}
 m - 2 scrolls of amnesia {unknown}
 p - 3 scrolls of noise
 r - a scroll of fog {unknown}
 t - 3 scrolls of fear {unknown}
 v - 2 scrolls of enchant armour {unknown}
 A - 2 scrolls of immolation {unknown}
Potions
 l - 4 potions of curing
 n - a potion of lignification
 w - a potion of cure mutation
Books
 a - a book of Necromancy

   Spells                             Type                      Level
   a - Pain                           Necromancy                   1
   b - Animate Skeleton               Necromancy                   1
   c - Vampiric Draining              Necromancy                   3
   d - Regeneration                   Charms/Necromancy            3
   e - Animate Dead                   Necromancy                   4
   f - Control Undead                 Necromancy                   4
 h - a book of Alchemy

   Spells                             Type                      Level
   a - Sublimation of Blood           Necromancy                   2
   b - Ignite Poison                  Fire/Transmutation/Poison    3
   c - Petrify                        Transmutation/Earth          4
   d - Alistair's Intoxication        Transmutation/Poison         5
   e - Irradiate                      Conjuration/Transmutation    5
Comestibles
 b - 4 bread rations
 o - 2 beef jerkies
 z - a meat ration


   Skills:
 * Level 3.3 Slings
 + Level 3.1 Dodging
 - Level 2.6 Stealth
 + Level 8.4 Unarmed Combat
 - Level 2.0 Spellcasting
 - Level 4.0 Necromancy
 * Level 1.8 Transmutations
 * Level 1.6 Earth Magic


You had 2 spell levels left.
You knew the following spells:

 Your Spells              Type           Power        Failure   Level  Hunger
a - Pain                  Necr           ###.         2%          1    #......
b - Regeneration          Chrm/Necr      ##........   21%         3    ###....
c - Petrify               Trmt/Erth      #.......     78%         4    #####..
d - Animate Skeleton      Necr           N/A          2%          1    #......


Dungeon Overview and Level Annotations

Branches:
Dungeon (6/15)             Temple (0/1) D:5

Altars:
Ashenzari
Cheibriados
Okawaru
Sif Muna
Trog
Vehumet
The Shining One

Shops:
D:4 :}

Annotations:
D:5 exclusion: ogre
D:6 exclusion: oklob plant


Innate Abilities, Weirdness & Mutations

You cannot wear most types of armour.
You are amphibious.
You can wear up to eight rings at the same time.
You can use your tentacles to constrict eight enemies at once.
Your skin changes colour to match your surroundings (Stealth).
Your rubbery body absorbs attacks (AC +1).


Message History

You kill the ooze!
Cheibriados appreciates the change of pace.
Firing (i - inventory. (,) - cycle):
i - 176 stones (quivered)
Press: ? - help, Shift-Dir - straight line, f/p - jelly
Aim: a jelly (severely wounded)
You shoot a stone. The stone hits the jelly.
The jelly is severely wounded.
The jelly hits you.
You are splashed with acid!
The acid corrodes you!
The acid burns!
Firing (i - inventory. (,) - cycle):
i - 175 stones (quivered)
Press: ? - help, Shift-Dir - straight line, f/p - jelly
Aim: a jelly (severely wounded)
You shoot a stone. The stone hits the jelly.
You kill the jelly!
Cheibriados appreciates the change of pace.
The oklob plant spits acid at you. The splash of acid hits you!
* * * LOW HITPOINT WARNING * * *
The acid corrodes you!
The acid burns!
You die...

##...## .#####. #...P.#
# #. #P.P..# . .....
..... #...# #. .# ####.
.(( ....# #. #(#
###.#### .
##(###......# ##
#@.#........# #
#####...........######
#<.....................
#########...........###
#...........###
#.............. §§
#............## #§##
##........###### #≈#
#.........#


You could see an oklob plant.

Vanquished Creatures
  Grinder (D:5)
  An ice beast (D:6)
  An ogre (D:6)
  A centaur (D:6)
  A howler monkey (D:4)
  7 jellies
  An orc wizard (D:6)
  An orc priest (D:4)
  4 hounds
  2 giant frog skeletons
  3 worker ants
  5 adders
  A howler monkey skeleton (D:4)
  15 oozes (D:6)
  An adder skeleton (D:4)
  2 worms
  A giant gecko (D:4)
  12 orcs
  A giant cockroach (D:3)
  3 goblins
  6 jackals
  6 kobolds
  2 quokkas
  2 ball pythons
  11 bats
  8 giant newts
  6 rats
105 creatures vanquished.

Vanquished Creatures (others)
  A quokka (D:6)
  3 fungi (D:6)
4 creatures vanquished.

Grand Total: 109 creatures vanquished

Notes
Turn   | Place    | Note
--------------------------------------------------------------
     0 | D:1      | M4edhros the Octopode Necromancer began the quest for the Orb.
     0 | D:1      | Reached XP level 1. HP: 11/11 MP: 3/3
    75 | D:1      | Reached skill level 1 in Unarmed Combat
   140 | D:1      | Reached XP level 2. HP: 4/17 MP: 0/5
   302 | D:2      | Reached skill level 2 in Unarmed Combat
   330 | D:2      | Found a faded altar to an unknown god.
   770 | D:2      | Found a shattered altar of Ashenzari.
   777 | D:2      | Reached XP level 3. HP: 7/21 MP: 4/6
   782 | D:2      | Learned a level 3 spell: Regeneration
   822 | D:2      | Reached skill level 3 in Unarmed Combat
   950 | D:2      | Reached XP level 4. HP: 26/27 MP: 5/7
   977 | D:3      | Found an iron altar of Okawaru.
  1141 | D:4      | Found a radiant altar of Vehumet.
  1198 | D:4      | Reached skill level 4 in Unarmed Combat
  1259 | D:4      | Reached XP level 5. HP: 16/31 MP: 1/8
  1304 | D:5      | Entered Level 5 of the Dungeon
  1337 | D:5      | Reached skill level 5 in Unarmed Combat
  1372 | D:5      | Noticed an ogre
  1431 | D:5      | Noticed an ogre
  1443 | D:5      | Found a snail-covered altar of Cheibriados.
  1543 | D:5      | Reached XP level 6. HP: 15/36 MP: 2/9
  1591 | D:5      | Found a glowing golden altar of the Shining One.
  1592 | D:5      | Found a staircase to the Ecumenical Temple.
  1610 | D:5      | Reached skill level 6 in Unarmed Combat
  1637 | D:5      | Found a deep blue altar of Sif Muna.
  1639 | D:5      | Noticed Grinder
  1710 | D:5      | Killed Grinder
  1710 | D:5      | Reached skill level 7 in Unarmed Combat
  1710 | D:5      | Reached XP level 7. HP: 6/41 MP: 5/10
  1737 | D:4      | Found Giuck's Book Shop.
  1845 | D:4      | Found Fuvutz's Gadget Boutique.
  2358 | D:5      | Found a snail-covered altar of Cheibriados.
  2379 | D:5      | Became a worshipper of Cheibriados the Contemplative
  2616 | D:6      | Reached skill level 1 in Slings
  2616 | D:6      | Reached skill level 8 in Unarmed Combat
  2772 | D:6      | Reached * piety under Cheibriados
  2772 | D:6      | Reached XP level 8. HP: 45/45 MP: 11/11
  2803 | D:6      | Learned a level 4 spell: Petrify
  2805 | D:6      | Learned a level 1 spell: Animate Skeleton
  2872 | D:6      | Found a bloodstained altar of Trog.
  2961 | D:6      | Noticed an oklob plant
  2963 | D:6      | Reached skill level 1 in Transmutations
  2965 | D:6      | Reached skill level 1 in Earth Magic
  3003 | D:6      | Splashed by an oklob plant's acid

Vault maps used:
D:1:      minmay_arrival_pointy
D:2:      ashenzari_conservatory_becter, ecumenical_altar_1
D:3:      overflow_temple_1_default, lemuel_coloured_pillars_altar
D:4:      kennysheep_little_box, fiery_altar_vehumet, serial_shops,
          nicolae_shop_behind_doors, shop_fountains, first_bread
D:5:      led_sif_book, nicolae_overflow_crystal_walls,
          grunt_temple_overflow_diamond, slow_altar_2,
          minmay_temple_entry_metal_lava, lemuel_statue_altar, uniq_grinder
D:6:      lemuel_slime, nicolae_overflow_hidden_temple, lemuel_another_geyser,
          uniq_edmund

Skill      XL: |  1  2  3  4  5  6  7  8 |
---------------+-------------------------+-----
Unarmed Combat | 1 2 3 4 5 7 8 |  8.4
Slings         | 2 3 |  3.3
Transmutations | 1 |  1.8
Earth Magic    | 1 |  1.6
Dodging        | 3 |  3.1
Stealth        | |  2.6
Spellcasting   | |  2.0
Necromancy     | |  4.0

Action                   |  1- 3 |  4- 6 |  7- 9 || total
-------------------------+-------+-------+-------++-------
Melee: Unarmed           |    23 |    60 |    68 ||   151
       Constrict         |     7 |    11 |    13 ||    31
       Tentacles         |     3 |    17 |    10 ||    30
       Punch             |       |     3 |     2 ||     5
 Fire: Hunting sling     |       |       |    48 ||    48
 Cast: Pain              |    44 |    34 |    18 ||    96
       Regeneration      |     1 |    11 |    10 ||    22
Evoke: Wand              |       |       |     6 ||     6
  Use: Potion            |     2 |     3 |     1 ||     6
       Scroll            |       |       |    10 ||    10
 Stab: Sleeping          |     1 |     1 |     4 ||     6
  Eat: Chunk             |     1 |     4 |     5 ||    10
       Royal jelly       |       |       |     1 ||     1
Armor: Skin              |     6 |     1 |    10 ||    17
Dodge: Dodged            |    22 |    33 |    61 ||   116
